Description

Very strong all in vs zerg. You have a safe but economic way of opening with 3cc banshee, into accelerated production which leads to a powerful all in that is hard to stop.

VOD

https://youtu.be/reWlkTg2r-8

Replay - tvz 8 rax 3cc

Build Order

Get SALT Encoding   

  6  0:00  SCV  
  13  0:12  SCV  
  14  0:16  Supply Depot  
  14  0:24  SCV  
  15  0:38  SCV  
  15  0:39  Barracks  
  16  0:43  Refinery  
  16  0:50  SCV  
  17  1:02  SCV  
  18  1:14  SCV  
  19  1:26  Reaper  
  19  1:27  Orbital Command  
  20  1:40  Command Center  
  20  1:50  Supply Depot  
  20  1:52  SCV  
  21  1:58  Marine  
  22  2:04  SCV  
  23  2:08  Factory  
  23  2:16  SCV  
  23  2:19  Barracks Reactor  
  25  2:43  Command Center  
  26  2:53  Orbital Command  
  27  3:00  Starport  
  27  3:06  Refinery  
  28  3:15  Hellion x2  
  34  3:24  Barracks Tech Lab  
  36  3:40  Hellion x2  
  42  3:49  Cloaking Field  
  42  3:55  Orbital Command  
  44  3:57  Banshee  
  44  4:02  Hellion x2  
  49  4:08  Barracks Tech Lab  
  53  4:15  Supply Depot  
  53  4:24  Hellion x2  
  61  4:39  Supply Depot, Stimpack  
  61  4:40  Banshee  
  66  4:51  Barracks x2  
  67  4:55  Engineering Bay x2  
  67  4:56  Factory Reactor  
  68  5:00  Orbital Command  
  68  5:01  Refinery, Supply Depot  
  68  5:03  Marine  
  69  5:10  Refinery  
  71  5:20  Marine  
  72  5:26  Terran Infantry Weapons Level 1  
  74  5:28  Terran Infantry Armor Level 1  
  74  5:38  Marine  
  74  5:42  Barracks x2, Starport Reactor  
  78  5:45  Marine x2  
  81  5:52  Refinery  
  81  5:54  Marine x3  
  88  6:03  Marine  
  91  6:19  Medivac x2  
  91  6:21  Siege Tank  
  103  6:34  Barracks Reactor x2, Armory  
  108  6:45  Barracks x3  
  110  6:47  Combat Shield  
  115  6:59  Siege Tank  
  115  7:00  Medivac x2  
  125  7:13  Marauder  
  132  7:24  Terran Infantry Weapons Level 2  
  132  7:27  Terran Infantry Armor Level 2  
  132  7:30  Medivac  
  146  7:39  Siege Tank  
  160  8:08  Marauder  
  160  8:10  Medivac x2  
  173  8:21  Siege Tank  
  181  8:29  Marauder  
  189  8:40  Medivac x2  
  200  9:09  Barracks Tech Lab x2  
  200  9:14  Factory  
  200  9:19  Command Center  
  200  9:23  Barracks x2  
  200  9:26  Refinery  
  200  9:33  Concussive Shells  
Spawning Tool Build Advisor. Get it on Overwolf

Go to:

Details

  • Created by: driftsc2
  • Published on: Feb 02, 2021
  • Modified on: Feb 02, 2021
  • Patch: 4.11.0
  • Difficulty: Medium
Show
View Real Time Build Order
Export as new Build Order

Comments (0)

There are no comments. Be the first!

Create an account to comment!